 Dungeon Crawl Stone Soup version 0.26-a0-937-g67df3f2acb (webtiles) character file.

Game seed: 13396267737368307831

97850 DerHolg the Severer (level 15, -5/146 HPs)
             Began as a Minotaur Berserker on Nov 6, 2020.
             Was the Champion of Trog.
             Killed from afar by a shock serpent (11 damage)
             ... with a bolt of electricity
             ... on level 1 of the Snake Pit on Nov 27, 2020.
             The game lasted 03:49:11 (35556 turns).

DerHolg the Severer (Minotaur Berserker)           Turns: 35556, Time: 03:49:12

Health: -5/146     AC: 27    Str: 27    XL:     15   Next: 73%
Magic:  4/4        EV: 28    Int:  4    God:    Trog [******]
Gold:   1665       SH: 14    Dex: 11    Spells: 14/14 levels left

rFire    + . .     SeeInvis +   a - +3 broad axe (antimagic)
rCold    . . .     Faith    .   x - +0 kite shield
rNeg     . . .     Spirit   .   w - +2 plate armour {rPois}
rPois    +         Reflect  .   (helmet restricted)
rElec    .         Harm     .   n - +2 cloak
rCorr    .         Rampage  .   y - +2 pair of gloves
MR       +....                  G - +0 pair of boots {run}
Stlth    ..........             L - amulet of the acrobat
HPRegen  0.34/turn              i - ring of protection from fire
MPRegen  0.09/turn              O - ring of see invisible

@: about to teleport, acrobat, quick
A: retaliatory headbutt, horns 2
a: Berserk, Trog's Hand, Brothers in Arms, Renounce Religion


You were on level 1 of the Snake Pit.
You worshipped Trog.
Trog was exalted by your worship.
You visited 5 branches of the dungeon, and saw 22 of its levels.

You collected 1935 gold pieces.
You spent 270 gold pieces at shops.

Inventory:

Hand Weapons
 a - a +3 antimagic broad axe (weapon)
 v - a +1 war axe of freezing
 M - a +2 hand axe of flaming
Missiles
 p - 11 javelins (quivered)
 H - 2 throwing nets
 X - 9 silver boomerangs
Armour
 n - a +2 cloak (worn)
 r - a +2 scale mail of cold resistance
 w - a +2 plate armour of poison resistance (worn)
 x - a +0 kite shield (worn)
 y - a +2 pair of gloves (worn)
 D - a +2 ring mail of magic resistance
 G - a +0 pair of boots of running (worn)
Jewellery
 i - a ring of protection from fire (left hand)
 C - an uncursed ring of poison resistance
 E - an uncursed ring of positive energy
 L - an amulet of the acrobat (around neck)
 O - a ring of see invisible (right hand)
Wands
 h - a wand of paralysis (14)
 q - a wand of digging (3)
 N - a wand of polymorph (16)
 W - a wand of enslavement (6)
Scrolls
 c - 5 scrolls of identify
 d - a scroll of random uselessness {unknown}
 e - 3 scrolls of magic mapping
 j - 2 scrolls of enchant weapon
 k - 4 scrolls of teleportation
 l - 10 scrolls of remove curse
 o - 3 scrolls of fog {unknown}
 t - a scroll of blinking {unknown}
 u - 3 scrolls of enchant armour
 F - a scroll of holy word {unknown}
 K - 2 scrolls of summoning {unknown}
 P - 3 scrolls of fear {unknown}
 T - 2 scrolls of torment {unknown}
 U - a scroll of acquirement {unknown}
Potions
 b - 4 potions of flight
 f - 2 potions of berserk rage
 g - a potion of heal wounds
 m - 6 potions of mutation
 s - 2 potions of might
 z - 9 potions of curing
 A - 2 potions of lignification {unknown}
 B - 2 potions of invisibility
 I - 4 potions of ambrosia
 J - 2 potions of magic {unknown}
 Q - 2 potions of cancellation {unknown}
 R - 5 potions of haste
 S - a potion of degeneration {unknown}
 V - a potion of resistance {unknown}


   Skills:
 + Level 16.9 Fighting
 * Level 17.1 Axes
 + Level 13.9 Armour
 + Level 12.8 Dodging
 + Level 14.1 Shields
 + Level 6.0 Evocations


You had 14 spell levels left.
You didn't know any spells.
Your spell library was empty.

Dungeon Overview and Level Annotations

Branches:
Dungeon (12/15)            Temple (1/1) D:5            Lair (6/6) D:8
  Swamp (0/4) Lair:2        Snake (1/4) Lair:4        Slime (0/5) Lair:6
    Orc (2/2) D:11            Elf (0/3) Orc:2

Altars:
Ashenzari
Cheibriados
Dithmenos
Elyvilon
Fedhas
Gozag
Hepliaklqana
Kikubaaqudgha
Makhleb
Nemelex Xobeh
Okawaru
Qazlal
Ru
Sif Muna
Trog
Uskayaw
Vehumet
Wu Jian
Xom
Yredelemnul
Zin
The Shining One
Beogh
Jiyva

Shops:
D:6 ![!   D:9 (   D:10 *   Orc:2 *[(:

Annotations:
Lair:1 1 exclusion
Lair:3 3 runed translucent doors, exclusion: oklob plant, Gargoyl's ghost, adept GnAK; RaHiT's ghost, journeyman OpDe
Lair:4 exclusion: 3 oklob plants
Lair:5 exclusion: oklob plant
Snake:1 exclusion: ice statue
Orc:1 Jorgrun


Innate Abilities, Weirdness & Mutations

You reflexively headbutt those who attack you in melee.
You have a pair of horns on your head.


Message History

You barely miss the shock serpent.
The shock serpent is moderately wounded.
You block the shock serpent's attack.
You slash the shock serpent! Your headbutt misses the shock serpent.
The shock serpent is heavily wounded.
The shock serpent's electric aura discharges, shocking you!
* * * LOW HITPOINT WARNING * * *
The shock serpent barely misses you.
As you read the scroll of teleportation, it crumbles to dust.
You feel strangely unstable. The shock serpent bites you!
* * * LOW HITPOINT WARNING * * *
The shock serpent shocks you!
* * * LOW HITPOINT WARNING * * *
The shock serpent bites you.
* * * LOW HITPOINT WARNING * * *
The shock serpent shocks you!
* * * LOW HITPOINT WARNING * * *
The shock serpent shoots out a bolt of lightning at you!
The bolt of electricity hits you!
You die...

#####...#.....
#.....##.. ##.....#..
#...#.... #...##...
######## ######...
##....).## ###.
##.######.## ##
##.##@...##.##
##.##.####.##)##
#.##S##..##)##.#
#.#N##.N?.##.#.#
##†#N#,N(N..#.#.#
##..#.#,.....#.#.#
##.###.##....##.#.#
##.##.†......##.##.#
##.##.#########.##.##


You could see 2 naga warriors and a shock serpent.

Vanquished Creatures
  Gastronok (Lair:2)
  An orc warlord (Orc:1)
  A fire dragon (D:7)
  Fannar (Lair:3)
  The ghost of feta the Cleaver, a journeyman HOFE of Beogh (D:10)
  5 hydras
  A boulder beetle (D:7)
  3 naga warriors (Snake:1)
  Erica (D:8)
  Harold (D:8)
  7 anacondas (Snake:1)
  The ghost of kuniqs the Blocker, a novice DDFi of Makhleb (D:9)
  4 two-headed ogres
  2 orc high priests (Orc:2)
  12 death yaks
  A tengu warrior (D:9)
  A shock serpent (Snake:1)
  A naga sharpshooter (Snake:1)
  A salamander mystic (Snake:1)
  2 naga ritualists (Snake:1)
  A lindwurm (Lair:5)
  5 orc knights
  An ugly thing (D:10)
  2 orc sorcerers (Orc:2)
  5 mana vipers (Snake:1)
  A moth of wrath (D:9)
  6 salamanders (Snake:1)
  2 cyclopes
  10 black mambas
  18 elephants
  9 naga magi (Snake:1)
  A centaur zombie (D:11)
  A torpor snail (Lair:5)
  Maggie (D:8)
  24 cane toads
  A centaur skeleton (D:11)
  A gargoyle (D:10)
  5 rime drakes
  A kobold demonologist (D:11)
  8 komodo dragons
  10 trolls
  6 tyrant leeches
  A meliai (shapeshifter) (D:7)
  2 polar bears (Lair:3)
  Grinder (D:3)
  35 blink frogs
  Prince Ribbit (Lair:2)
  A shadow (D:12)
  A wraith (D:12)
  5 wyverns
  4 basilisks
  25 yaks
  8 vampire mosquitoes
  Edmund (D:4)
  14 nagas
  2 wargs
  2 swamp worms (Lair:2)
  30 water moccasins
  27 orc warriors
  A sky beast (D:6)
  4 black bears
  9 ogres
  3 phantoms
  4 ice beasts
  A wolf (Lair:3)
  5 centaurs
  4 big kobolds
  23 bullfrogs
  A water moccasin zombie (D:8)
  3 scorpions
  2 wyvern skeletons
  10 killer bees
  8 wights
  5 electric eels
  2 howler monkeys (D:7)
  A bullfrog zombie (D:7)
  A lava snake (D:12)
  A gnoll shaman (D:5)
  Crazy Yiuf (D:3)
  A bullfrog skeleton (D:11)
  3 jellies
  12 orc wizards
  17 orc priests
  4 hounds
  Jessica (D:2)
  10 worker ants
  An iguana (D:4)
  A hell rat (Lair:1)
  3 hound skeletons
  A worker ant zombie (D:7)
  8 gnolls
  9 adders
  A shadow imp (D:6)
  3 white imps
  An ufetubus (D:7)
  An ooze (D:2)
  2 adder skeletons (D:9)
  2 worms
  5 dart slugs
  A leopard gecko (D:3)
  64 orcs
  5 ball pythons
  10 giant cockroaches
  6 goblins
  7 hobgoblins
  9 jackals
  5 quokkas
  A ball python skeleton (D:4)
  8 bats
  5 frilled lizards
  17 kobolds
  A quokka skeleton (D:4)
  A quokka zombie (D:7)
  7 rats
649 creatures vanquished.

Vanquished Creatures (collateral kills)
  A hydra (Lair:6)
  A bullfrog (Lair:6)
2 creatures vanquished.

Vanquished Creatures (others)
  A bush (D:8)
  42 fungi
  158 plants
201 creatures vanquished.

Grand Total: 852 creatures vanquished

Notes
Turn   | Place    | Note
-------+----------+-------------------------------------------
     0 | D:1      | DerHolg the Minotaur Berserker began the quest for the Orb.
     0 | D:1      | Reached XP level 1. HP: 19/19 MP: 0/0
   194 | D:1      | Reached XP level 2. HP: 25/27 MP: 1/1
   195 | D:1      | Reached skill level 4 in Axes
   572 | D:1      | Reached ** piety under Trog
   737 | D:1      | Reached XP level 3. HP: 33/33 MP: 2/2
  1789 | D:2      | Reached XP level 4. HP: 40/40 MP: 3/3
  2034 | D:2      | Found a sparkling altar of Nemelex Xobeh.
  2034 | D:2      | Noticed Jessica
  2038 | D:2      | Killed Jessica
  2384 | D:3      | Found an iron altar of Okawaru.
  2434 | D:3      | Reached skill level 5 in Axes
  2440 | D:3      | Noticed Grinder
  2479 | D:3      | Killed Grinder
  2479 | D:3      | Reached XP level 5. HP: 40/47 MP: 4/4
  2479 | D:3      | Reached XP level 6. HP: 47/55 MP: 5/5
  2631 | D:3      | Reached skill level 6 in Axes
  2693 | D:3      | Found a runed translucent door.
  2694 | D:3      | Noticed Crazy Yiuf
  2754 | D:3      | Reached skill level 5 in Fighting
  3295 | D:4      | Reached skill level 1 in Shields
  3405 | D:4      | Upgraded the game from 0.26-a0-752-gcff87cac9a to
                  | 0.26-a0-784-g51bffae0b1
  3419 | D:4      | Reached XP level 7. HP: 52/61 MP: 6/6
  3564 | D:4      | Found a sacrificial altar of Ru.
  3565 | D:4      | Noticed Edmund
  3598 | D:4      | Killed Edmund
  3977 | D:5      | Entered Level 5 of the Dungeon
  4029 | D:5      | Found a sparkling altar of Nemelex Xobeh.
  4072 | D:5      | Found a staircase to the Ecumenical Temple.
  4077 | Temple   | Entered the Ecumenical Temple
  4334 | D:5      | Reached skill level 7 in Axes
  4495 | D:5      | Reached skill level 5 in Armour
  4594 | D:5      | Reached *** piety under Trog
  4951 | D:5      | Found a hide-covered altar of Uskayaw.
  4953 | D:5      | Found a shimmering altar of Xom.
  5032 | D:6      | Found Tynajen's Distillery.
  5084 | D:6      | Found Cootyen's Armour Boutique.
  5213 | D:6      | Reached XP level 8. HP: 62/70 MP: 7/7
  5327 | D:6      | Reached skill level 8 in Axes
  5401 | D:6      | Upgraded the game from 0.26-a0-784-g51bffae0b1 to
                  | 0.26-a0-800-g517d6fe721
  5429 | D:6      | Reached skill level 5 in Dodging
  6128 | D:6      | Found a hazy altar of Hepliaklqana.
  6132 | D:6      | Found a radiant altar of Vehumet.
  6135 | D:6      | Found a white marble altar of Elyvilon.
  6190 | D:6      | Found Geg Zom's Distillery.
  6628 | D:6      | Reached skill level 9 in Axes
  6702 | D:7      | Reached XP level 9. HP: 73/78 MP: 8/8
  6928 | D:7      | Reached skill level 5 in Shields
  7166 | D:7      | Reached **** piety under Trog
  7463 | D:7      | Reached skill level 10 in Axes
  7576 | D:7      | Noticed a meliai
  7577 | D:7      | Found the +5 robe of Misfortune {*Contam Harm *Corrode
                  | *Drain *Slow EV+5}
  7586 | D:7      | Killed a meliai
  7921 | D:7      | Found a runed translucent door.
  7922 | D:7      | Noticed a boulder beetle
  7993 | D:7      | Found a runed translucent door.
  7993 | D:7      | Found a runed translucent door.
  8047 | D:7      | Identified Lehudib's Handbook of Ashen Confrontation
  8331 | D:8      | Upgraded the game from 0.26-a0-800-g517d6fe721 to
                  | 0.26-a0-808-g930a2b7adc
  8473 | D:8      | Reached XP level 10. HP: 79/90 MP: 9/9
  8692 | D:8      | Reached skill level 11 in Axes
  8839 | D:8      | Found a staircase to the Lair.
  8989 | D:8      | Noticed Maggie
  9009 | D:8      | Killed Maggie
  9080 | D:8      | Noticed Harold
  9090 | D:8      | Killed Harold
  9280 | D:8      | Noticed Erica
  9291 | D:8      | Killed Erica
  9291 | D:8      | Reached skill level 10 in Fighting
  9291 | D:8      | Reached skill level 12 in Axes
  9706 | D:9      | Found a transporter.
  9707 | D:9      | Found a transporter.
  9733 | D:9      | Noticed kuniqs's ghost (novice DDFi)
  9740 | D:9      | Identified the +5 dire flail "Killer Klown's Foe"
                  | {antimagic, +Fly Int-5 Dex+4}
  9740 | D:9      | Noticed a tengu warrior
  9741 | D:9      | Found a bloodstained altar of Trog.
  9741 | D:9      | Noticed a two-headed ogre
  9741 | D:9      | Noticed a moth of wrath
  9945 | D:9      | Upgraded the game from 0.26-a0-808-g930a2b7adc to
                  | 0.26-a0-812-g31a745ddcd
  9974 | D:9      | Found Neys Ena's Weapon Shop.
 10148 | D:9      | Found a burning altar of Makhleb.
 10609 | D:10     | Entered Level 10 of the Dungeon
 10636 | D:10     | Reached XP level 11. HP: 62/101 MP: 10/10
 11429 | D:10     | Noticed a two-headed ogre
 11444 | D:10     | Killed a two-headed ogre
 11801 | D:10     | Found Jiesch's General Store.
 11848 | D:10     | Found a runed translucent gate.
 11848 | D:10     | Noticed feta's ghost (journeyman HOFE)
 11849 | D:10     | Found a runed translucent gate.
 11935 | D:10     | Found a runed translucent gate.
 11940 | D:10     | Identified the +2 ring mail of Grand Knowledge {Int+4}
 11941 | D:10     | Found a roughly hewn altar of Beogh.
 12024 | D:10     | Noticed a two-headed ogre
 12034 | D:10     | Killed a two-headed ogre
 12512 | D:11     | Noticed a two-headed ogre
 12519 | D:11     | Killed a two-headed ogre
 12688 | D:11     | Noticed a white ugly thing
 12711 | D:10     | Killed a white ugly thing
 12711 | D:10     | Reached skill level 13 in Axes
 13237 | D:11     | Found a broken altar of Ashenzari.
 13296 | D:11     | Found a staircase to the Orcish Mines.
 13308 | D:11     | Found a roughly hewn altar of Beogh.
 14183 | D:11     | Upgraded the game from 0.26-a0-812-g31a745ddcd to
                  | 0.26-a0-833-g7262b39652
 14318 | Lair:1   | Entered Level 1 of the Lair of Beasts
 14672 | Lair:1   | Found an opulent altar of Gozag.
 15963 | Lair:2   | Found a staircase to the Swamp.
 15993 | Lair:2   | Reached skill level 10 in Armour
 16408 | Lair:2   | Reached XP level 12. HP: 101/112 MP: 11/11
 16458 | Lair:2   | Noticed Gastronok
 16512 | Lair:2   | Killed Gastronok
 16610 | Lair:2   | Reached skill level 14 in Axes
 16939 | Lair:2   | Noticed a death yak
 16996 | Lair:2   | Noticed a death yak
 16996 | Lair:2   | Noticed a death yak
 17024 | Lair:2   | Killed a death yak
 17085 | Lair:2   | Noticed a death yak
 17112 | Lair:2   | Killed a death yak
 17115 | Lair:2   | Noticed a death yak
 17118 | Lair:2   | Noticed a death yak
 17151 | Lair:2   | Killed a death yak
 17175 | Lair:2   | Killed a death yak
 17436 | Lair:2   | Upgraded the game from 0.26-a0-833-g7262b39652 to
                  | 0.26-a0-837-g5a8a614f01
 17794 | Lair:2   | Killed a death yak
 17795 | Lair:2   | Reached skill level 10 in Dodging
 17801 | Lair:2   | Reached skill level 10 in Shields
 17812 | Lair:2   | Killed a death yak
 18381 | Lair:2   | Noticed a five-headed hydra
 18394 | Lair:2   | Killed a five-headed hydra
 18395 | Lair:2   | Reached skill level 15 in Axes
 19011 | Lair:3   | Upgraded the game from 0.26-a0-837-g5a8a614f01 to
                  | 0.26-a0-849-gf1512cd430
 19037 | Lair:3   | Noticed Prince Ribbit
 19056 | Lair:2   | Reached XP level 13. HP: 123/123 MP: 12/12
 19142 | Lair:2   | Killed Prince Ribbit
 19461 | Lair:3   | Noticed Fannar
 19531 | Lair:3   | Killed Fannar
 20219 | Lair:3   | Reached ***** piety under Trog
 20927 | Lair:3   | Found a runed translucent gate.
 20927 | Lair:3   | Found a runed translucent gate.
 20927 | Lair:3   | Found a runed translucent gate.
 20932 | Lair:3   | Noticed Gargoyl's ghost (adept GnAK)
 20932 | Lair:3   | Noticed RaHiT's ghost (journeyman OpDe)
 21829 | Lair:4   | Found a staircase to the Snake Pit.
 22732 | Lair:4   | Reached skill level 16 in Axes
 23252 | Lair:5   | Reached skill level 15 in Fighting
 23252 | Lair:5   | Reached skill level 1 in Evocations
 24114 | Lair:5   | Upgraded the game from 0.26-a0-849-gf1512cd430 to
                  | 0.26-a0-851-g735459dd53
 24609 | Lair:6   | Entered Level 6 of the Lair of Beasts
 24702 | Lair:6   | Found a hazy altar of Hepliaklqana.
 24798 | Lair:6   | Reached XP level 14. HP: 93/135 MP: 13/13
 27113 | Lair:6   | Found a viscous altar of Jiyva.
 27113 | Lair:6   | Found a staircase to the Slime Pits.
 28016 | Lair:6   | Upgraded the game from 0.26-a0-851-g735459dd53 to
                  | 0.26-a0-854-gdc81c2f471
 28390 | D:3      | Killed Crazy Yiuf
 28917 | D:9      | Killed kuniqs's ghost
 29220 | D:10     | Killed feta's ghost
 29457 | D:10     | Identified a +0 pair of boots of running (You found it on
                  | level 10 of the Dungeon)
 30575 | Orc:1    | Entered Level 1 of the Orcish Mines
 30620 | Orc:2    | Entered Level 2 of the Orcish Mines
 30635 | Orc:2    | Received a gift from Trog
 30789 | Orc:2    | Noticed an orc warlord
 30835 | Orc:1    | Killed an orc warlord
 31165 | Orc:2    | Reached XP level 15. HP: 136/145 MP: 4/14
 31321 | Orc:2    | Reached ****** piety under Trog
 31421 | Orc:2    | Found a roughly hewn altar of Beogh.
 31444 | Orc:2    | Reached skill level 5 in Evocations
 31907 | Orc:2    | Found a roughly hewn altar of Beogh.
 32048 | Orc:2    | Found Pecw's Book Shop.
 32063 | Orc:2    | Found Cuweli's Antique Weapon Shop.
 32079 | Orc:2    | Found Syuzyl's General Store.
 32095 | Orc:2    | Found Waocedol's Antique Armour Shop.
 32102 | Orc:2    | Bought a scorched scale mail for 270 gold pieces
 32102 | Orc:2    | Identified the +1 scale mail of the Lost Places {Dex+4}
                  | (You bought it in a shop on level 2 of the Orcish Mines)
 32181 | Orc:2    | Found a staircase to the Elven Halls.
 32673 | Orc:1    | Upgraded the game from 0.26-a0-854-gdc81c2f471 to
                  | 0.26-a0-926-g43279f1ce9
 32792 | Orc:1    | Noticed Jorgrun
 33073 | Snake:1  | Entered Level 1 of the Snake Pit
 33080 | Snake:1  | Received a gift from Trog
 33218 | Snake:1  | Found a frozen archway.
 33493 | Snake:1  | Upgraded the game from 0.26-a0-926-g43279f1ce9 to
                  | 0.26-a0-937-g67df3f2acb
 35199 | Snake:1  | Reached skill level 17 in Axes
 35409 | Snake:1  | Received a gift from Trog
 35410 | Snake:1  | Got a faintly glowing hand axe {god gift}
 35411 | Snake:1  | Identified the +10 hand axe "Gaig" {flame, *Corrode rN+++
                  | MR+ Int-3} (Trog gifted it to you on level 1 of the Snake
                  | Pit)
 35555 | Snake:1  | HP: 5/146 [shock serpent (11)]
 35556 | Snake:1  | Killed from afar by a shock serpent

Illustrated notes

Levels and vault maps discovered:
D:1:      dpeg_cavernosity, layout_basic
D:2:      layout_rooms, nemelex_lonely_heart_becter
D:3:      layout_loops_ring, minivault_23, okawaru_metal_pillars_1_2,
          uniq_grinder, uniq_crazy_yiuf_cottage
D:4:      layout_cave_pools, serial_column_ruins, column_ruins_temple_hall,
          column_ruins_circle_medium, column_ruins_open_small,
          column_ruins_grid_4, column_ruins_grid_1, column_ruins_grid_4,
          column_ruins_grid_1, chequers_serial_rivers_marsh, uniq_edmund
D:5:      layout_loops_ring, lemuel_crystal_altar,
          gammafunk_temple_overflow_pools, minmay_temple_entry_drinking_statues
D:6:      layout_basic, minmay_overflow_temple_star_quad, serial_shops,
          nicolae_shop_trees, shop, shop
D:7:      minmay_the_grid_four_pointed_star
          [minmay_the_grid_triangle_9x9_fully_insulated_deathbox,
          minmay_the_grid_triangle_9x9_steps,
          minmay_the_grid_triangle_9x9_corrupted_corridor,
          minmay_the_grid_triangle_9x9_odd_lines,
          minmay_the_grid_prize_diamond_cup], layout_gridville
D:8:      layout_basic, minmay_lair_entry_grove, uniq_maggie, uniq_harold,
          uniq_erica
D:9:      layout_basic, nicolae_overflow_hidden_temple, serial_shops,
          nicolae_shop_behind_doors, gammafunk_ghost_wrathful_warriors
D:10:     kennysheep_blocky_hall, layout_stronghold, serial_shops,
          kennysheep_mini_moat, biasface_ghost_orc_armoury
D:11:     layout_cross, minmay_orc_entry_temple_small, nrook_pool_corridor,
          ashenzari_altar_1
D:12:     layout_basic
Temple:   eino_wide_crystal_templ
Lair:1:   layout_cave_pods, basic_altar, serial_bayou_pond_b
Lair:2:   layout_gridlike, minmay_swamp_entry_worms, serial_bayou_shore_a,
          grunt_megastairs_4, lemuel_fruit_tree, uniq_gastronok
Lair:3:   layout_roguey, gammafunk_ghost_cemetery, infiniplex_staircase_pool,
          minmay_lair_oklob_chamber, grunt_megastairs_5, serial_bayou_shore_b,
          uniq_fannar, uniq_prince_ribbit2
Lair:4:   layout_regular_city, minmay_snake_entry_guardpost_small, dpeg_oklob_1,
          grunt_megastairs_2
Lair:5:   layout_small_grid, lemuel_fruit_fields
Lair:6:   minmay_lair_end_frog_pond, layout_loops_ring, slime_altar_1,
          basic_altar
Snake:1:  kennysheep_snake, layout_misc_corridors,
          portal_ice_cave_entry_ice_statue_one, grunt_ministairs_5,
          guppyfry_library_mini
Orc:1:    layout_diamond_mine, uniq_jorgrun
Orc:2:    grunt_orc_cross, layout_caves, basic_altar

Skill      XL: |  1  2  3  4  5  6  7  8  9 10 11 12 13 14 15 |
---------------+----------------------------------------------+-----
Axes           | 4 5 6 7 9 10 12 13 15 16 17 | 17.1
Fighting       | 4 5 6 8 10 12 13 15 16 | 16.9
Armour         | 3 4 5 6 7 8 10 11 12 13 | 13.9
Dodging        | 3 4 5 6 8 9 10 11 12 | 12.8
Shields        | 1 2 4 6 7 8 10 11 13 14 | 14.1
Evocations     | 2 4 6 |  6.0

Action                   |  1- 3 |  4- 6 |  7- 9 | 10-12 | 13-15 || total
-------------------------+-------+-------+-------+-------+-------++-------
Melee: Hand axe          |    84 |    48 |   114 |   669 |  1066 ||  1981
       Headbutt          |    14 |    19 |    62 |   160 |   408 ||   663
       War axe           |       |    51 |   238 |       |       ||   289
       Unarmed           |       |       |       |       |     2 ||     2
       Broad axe         |       |       |       |       |   513 ||   513
Throw: Boomerang         |       |       |       |    17 |    52 ||    69
       Throwing net      |       |       |       |       |     2 ||     2
       Javelin           |       |       |       |       |     8 ||     8
Invok: Trog's Hand       |       |     3 |     2 |     5 |     4 ||    14
       Berserk           |       |     1 |     5 |    15 |     4 ||    25
       Brothers in Arms  |       |       |       |       |     2 ||     2
Evoke: Wand              |       |       |       |     4 |    16 ||    20
  Use: Scroll            |       |       |    10 |     8 |    12 ||    30
       Potion            |       |       |       |       |     1 ||     1
 Stab: Sleeping          |     1 |       |       |       |       ||     1
Armor: Animal skin       |     3 |       |       |       |       ||     3
       Ring mail         |    15 |       |    52 |    93 |   246 ||   406
       Scale mail        |       |    24 |       |       |     2 ||    26
       Chain mail        |       |     9 |    64 |       |       ||    73
       Plate armour      |       |       |       |       |   106 ||   106
Dodge: Dodged            |    47 |    26 |   132 |   203 |   633 ||  1041
Block: Buckler           |       |     2 |     8 |       |       ||    10
       Kite shield       |       |       |   129 |   242 |   775 ||  1146

Table legend: (Time is in decaauts)
 A = Elapsed time spent in this place.
 B = Non-inter-level travel time spent in this place.
 C = Inter-level travel time spent in this place.
 D = Time resting spent in this place.
 E = Time spent auto-exploring this place.
 F = Levels seen in this place.
 G = Mean time per level.
                   A        B        C        D        E       F      G
               +--------+--------+--------+--------+--------+-----+--------+
         Total |  35013 |  33256 |   1757 |  10896 |  14028 |  22 | 1591.5 |
       Dungeon |  16755 |  15514 |   1241 |   3252 |   8270 |  12 | 1396.2 |
        Temple |     51 |     39 |     12 |      0 |     38 |   1 |   51.0 |
          Lair |  13690 |  13262 |    428 |   6302 |   4172 |   6 | 2281.7 |
     Snake Pit |   2375 |   2375 |      0 |   1034 |    565 |   1 | 2375.0 |
  Orcish Mines |   2140 |   2065 |     75 |    307 |    982 |   2 | 1070.0 |
               +--------+--------+--------+--------+--------+-----+--------+

Top non-repeatable levels by time:
  Lair:2: 3401 daAuts
  Lair:6: 2885 daAuts
    D:10: 2869 daAuts
 Snake:1: 2375 daAuts
  Lair:4: 2151 daAuts
  Lair:3: 2010 daAuts
     D:7: 1883 daAuts
     D:6: 1765 daAuts
   Orc:2: 1754 daAuts
  Lair:1: 1652 daAuts
  Lair:5: 1589 daAuts
     D:8: 1515 daAuts
     D:1: 1401 daAuts
     D:9: 1337 daAuts
    D:11: 1223 daAuts
